 Dungeon Crawl Stone Soup version 0.25.1-2-g60ff931df9 (webtiles) character file.

Game seed: 15049635291205572310

15096 Chimkentus the Thrower (level 12, -1/123 HPs)
             Began as an Octopode Assassin on Aug 24, 2020.
             Was a Priest of Wu Jian.
             Engulfed by an ice statue's freezing vapour (13 damage)
             ... in an ice cave.
             The game lasted 01:39:30 (14542 turns).

Chimkentus the Thrower (Octopode Assassin)         Turns: 14542, Time: 01:39:31

Health: -1/123     AC:  5    Str: 10    XL:     12   Next: 23%
Magic:  16/16      EV: 18    Int: 17    God:    Wu Jian [***...]
Gold:   351        SH: 12    Dex: 19    Spells: 8/16 levels left

rFire    . . .     SeeInvis .   Z - +3 scimitar (flame)
rCold    . . .     Gourm    .   A - +2 kite shield
rNeg     . . .     Faith    .   (helmet restricted)
rPois    .         Spirit   .   (no amulet)
rElec    .         Reflect  .   f - +4 ring of protection
rCorr    .         Harm     .   j - ring of flight
MR       .....                  (no ring)
Stlth    ..........             I - ring of wizardry
HPRegen  0.30/turn              (no ring)
MPRegen  0.15/turn              (no ring)
                                (no ring)
                                (no ring)

@: berserking, studying Spellcasting, very quick
A: almost no armour, stealthy swim, amphibious, 8 rings, constrict 8, camouflage
1, agile 1, clever 1, gelatinous body 1
a: Wall Jump, Serpent's Lash, Renounce Religion, Evoke Flight


You were in an ice cave.
You worshipped Wu Jian.
Wu Jian was most pleased with you.
You were very hungry.

You visited 2 branches of the dungeon, and saw 14 of its levels.
You also visited: Sewer and Ice Cave.

You collected 871 gold pieces.
You spent 520 gold pieces at shops.

Inventory:

Hand Weapons
 a - a +2 dagger
 c - a +1 whip of freezing
 g - a +1 spear of flaming
 t - a +2 dagger of holy wrath
 u - a +2 long sword of electrocution
 w - a +0 hunting sling
 x - a +5 morningstar
 y - a +0 rapier
 B - a +1 short sword of flaming
 N - a +3 dagger of electrocution
 T - a +0 morningstar of flaming
 Z - a +3 scimitar of flaming (weapon)
Missiles
 b - 41 poisoned darts
 e - 9 boomerangs (quivered)
 m - 260 stones
 q - 28 sling bullets
 U - a curare-tipped dart
Armour
 A - a +2 kite shield (worn)
Jewellery
 f - a +4 ring of protection (left tentacle)
 j - a ring of flight (right tentacle)
 I - a ring of wizardry (on tentacle)
 K - an uncursed ring of fire
Wands
 E - a wand of acid (1)
 P - a wand of polymorph (14)
 Q - a wand of enslavement (1)
 V - a wand of random effects (36)
Scrolls
 n - a scroll of summoning {unknown}
 o - 4 scrolls of remove curse
 r - 11 scrolls of teleportation
 v - a scroll of random uselessness {unknown}
 z - a scroll of noise {unknown}
 F - a scroll of fog
 H - a scroll of fear {unknown}
 O - a scroll of amnesia
 S - a scroll of blinking {unknown}
 W - a scroll of immolation {unknown}
Potions
 h - a potion of berserk rage
 i - 6 potions of curing
 k - 2 potions of stabbing
 s - 5 potions of flight
 C - a potion of mutation
 D - a potion of lignification
 G - 2 potions of haste
 J - a potion of invisibility
 L - 2 potions of heal wounds
 R - a potion of magic {unknown}
 X - 2 potions of might {unknown}
 Y - a potion of cancellation {unknown}
Books
 l - a manual of Spellcasting
Comestibles
 d - 21 rations


   Skills:
 * Level 7.9 Fighting
 + Level 6.3(6.4) Short Blades
 + Level 1.5(4.2) Long Blades
   Level 2.7 Axes
 + Level 8.4 Throwing
 * Level 8.2 Dodging
 - Level 7.5 Stealth
 * Level 7.0 Shields
 * Level 2.8 Spellcasting
 + Level 6.1 Hexes
 * Level 3.3 Transmutations
 * Level 3.4 Earth Magic
 + Level 2.9 Evocations


You had 8 spell levels left.
You knew the following spells:

 Your Spells              Type           Power        Failure   Level  Hunger
a - Corona                Hex            ###....      1%          1    #......
b - Tukima's Dance        Hex            ###.....     4%          3    ###....
c - Sandblast             Erth           ##....       4%          1    #......
d - Passwall              Tmut/Erth      ##......     8%          2    ##.....
e - Apportation           Tloc           #.....       21%         1    #......

Your spell library contained the following spells:

 Spells                   Type           Power        Failure   Level  Hunger
 Confusing Touch          Hex            ###.....     4%          3    ###....
 Ensorcelled Hibernation  Hex/Ice        ##....       9%          2    ##.....
 Dazzling Flash           Conj/Hex       ##....       16%         3    ###....
 Animate Skeleton         Necr           N/A          21%         1    #......
 Summon Small Mammal      Summ           #...         21%         1    #......
 Stone Arrow              Conj/Erth      #.....       28%         3    ###....
 Petrify                  Tmut/Erth      ##......     43%         4    #####..
 Lee's Rapid Deconstruct  Erth           ##........   77%         5    ######.


Dungeon Overview and Level Annotations

Branches:
Dungeon (13/15)            Temple (1/1) D:7            Lair (0/6) D:8
    Orc (0/2) D:11          Sewer (visited)           IceCv (1/1)
 Vaults: D:13-14

Altars:
Ashenzari
Cheibriados
Dithmenos
Elyvilon
Fedhas
Gozag
Hepliaklqana
Kikubaaqudgha
Makhleb
Nemelex Xobeh
Okawaru
Qazlal
Ru
Sif Muna
Trog
Uskayaw
Vehumet
Wu Jian
Xom
Yredelemnul
Zin
The Shining One

Shops:
D:7 ?

Annotations:
D:8 4 runed translucent doors IceCv exclusion: 2 ice statues


Innate Abilities, Weirdness & Mutations

You cannot wear most types of armour.
You are very stealthy in the water. (Stealth+)
You are amphibious.
You can wear up to eight rings at the same time.
You can use your tentacles to constrict eight enemies at once.
Your skin changes colour to match your surroundings (Stealth+).
Your rubbery body absorbs attacks. (AC +1, EV +1)
You are agile. (Dex +2)
Your mind is acute. (Int +2)


Message History

You hit the ice statue but do no damage.
The ice statue is heavily damaged.
You block the ice beast's attack. The ice statue gestures at you.
The freezing blast misses you. The ice beast hits you.
The ice beast freezes you.
You slash the ice statue!
You melt the ice statue.
The ice statue is severely damaged.
You are engulfed in freezing vapours.
* * * LOW HITPOINT WARNING * * *
The ice beast hits you.
* * * LOW HITPOINT WARNING * * *
The ice beast freezes you!
* * * LOW HITPOINT WARNING * * *
You block the ice beast's attack.
You are too berserk!
You spin and attack the ice beast.
You barely miss the ice beast.
You spin and attack the ice beast.
You closely miss the ice beast.
You are engulfed in freezing vapours.
You die...

#..##### ##..# ##..#
#..## #.## ##.## #..#
##..# ##.## .#.## #..#
###..## ##.## #○....#
#..# ##Y....## ##.##
##☼@.....# #### #.#.#
#8Y○☼....# #..######.##
##§☼......#
....##....####.........#
.........###............
∩.∩.......#.............
......##....##..........
....#####..####.........
#..## #### 8........


You could see an ice statue and 2 ice beasts.

Vanquished Creatures
  Erica (D:9)
  A centaur warrior (D:10)
  2 two-headed ogres (D:8)
  Pikel (D:6)
  Maurice (D:9)
  Maggie (D:7)
  2 rime drakes (IceCv)
  A hornet (D:10)
  5 hippogriffs
  13 yaks
  4 hogs (D:9)
  A wyvern (D:10)
  A human (D:9)
  3 basilisks (D:8)
  Menkaure (D:7)
  The ghost of stil the Caller, an amateur DsSu (D:3)
  3 porcupines (D:8)
  4 orc warriors
  17 ice beasts
  2 sky beasts (D:6)
  An eye of draining (D:11)
  3 phantoms
  6 ogres
  3 centaurs
  A crocodile (D:8)
  4 big kobolds
  3 bullfrogs
  2 scorpions
  14 killer bees
  2 howler monkeys
  3 crimson imps (D:6)
  2 bullfrog zombies
  2 hounds (D:4)
  4 jellies
  8 orc priests
  7 orc wizards
  A gnoll shaman (D:10)
  A bullfrog skeleton (D:5)
  2 centaur skeletons
  2 iguanas
  8 worker ants
  A hound zombie (D:9)
  3 hound skeletons
  16 adders
  9 gnolls
  5 river rats
  2 shadow imps
  2 oozes (Sewer)
  2 adder skeletons
  2 adder zombies
  6 worms
  2 dart slugs
  8 leopard geckos
  32 orcs
  A bat (D:1)
  8 giant cockroaches
  7 goblins
  2 hobgoblins (D:2)
  7 jackals
  10 kobolds
  9 quokkas
  4 ball pythons (Sewer)
  6 frilled lizards
  A jackal skeleton (D:4)
  A leopard gecko skeleton (D:4)
  A quokka skeleton (D:4)
  8 rats
  A plant (D:6)
300 creatures vanquished.

Vanquished Creatures (others)
  2 slaves (D:6)
  A phantom (D:6)
  2 killer bees (D:9)
  A crimson imp (D:6)
  20 plants (D:6)
26 creatures vanquished.

Grand Total: 326 creatures vanquished

Notes
Turn   | Place    | Note
-------+----------+-------------------------------------------
     0 | D:1      | Chimkentus the Octopode Assassin began the quest for the
                  | Orb.
     0 | D:1      | Reached XP level 1. HP: 14/14 MP: 1/1
   146 | D:1      | Reached XP level 2. HP: 19/19 MP: 2/2
   869 | D:2      | Found a white marble altar of Elyvilon.
   963 | D:2      | Found a snail-covered altar of Cheibriados.
   964 | D:2      | Found a glowing silver altar of Zin.
  1201 | D:2      | Reached XP level 3. HP: 25/25 MP: 3/3
  1901 | D:3      | Found an ancient bone altar of Kikubaaqudgha.
  1930 | D:2      | Reached XP level 4. HP: 18/30 MP: 4/4
  2182 | D:3      | Reached XP level 5. HP: 33/36 MP: 5/5
  2905 | D:4      | Learned a level 1 spell: Corona
  2991 | D:4      | Found a stormy altar of Qazlal.
  3163 | D:4      | Noticed an ogre
  3246 | D:4      | Gained mutation: You are agile. (Dex +2) [potion of
                  | mutation]
  3246 | D:4      | Gained mutation: Your mind is acute. (Int +2) [potion of
                  | mutation]
  3250 | D:4      | Killed an ogre
  3250 | D:4      | Reached skill level 1 in Shields
  3250 | D:4      | Reached skill level 1 in Hexes
  3250 | D:4      | Reached XP level 6. HP: 18/42 MP: 6/6
  3458 | D:4      | Found a runed translucent gate.
  3458 | D:4      | Found a runed translucent gate.
  3458 | D:4      | Found a runed translucent gate.
  3458 | D:4      | Noticed stil's ghost (amateur DsSu)
  3794 | D:4      | Reached XP level 7. HP: 47/47 MP: 7/7
  4250 | D:3      | Found a shattered altar of Ashenzari.
  4250 | D:3      | Found an iron altar of Okawaru.
  4253 | D:3      | Found a sparkling altar of Nemelex Xobeh.
  4263 | D:5      | Entered Level 5 of the Dungeon
  5195 | D:5      | Found a shimmering blue altar of Sif Muna.
  5311 | D:6      | Found a glowing drain.
  5327 | D:6      | Reached XP level 8. HP: 54/54 MP: 8/8
  5335 | Sewer    | Entered a sewer
  5888 | D:6      | Found an ancient bone altar of Kikubaaqudgha.
  5890 | D:6      | Noticed Pikel
  5920 | D:6      | Found a shimmering altar of Xom.
  6283 | D:6      | Reached skill level 5 in Throwing
  6339 | D:6      | Reached skill level 5 in Dodging
  6351 | D:6      | Killed Pikel
  6351 | D:6      | Reached skill level 1 in Axes
  6351 | D:6      | Reached XP level 9. HP: 44/60 MP: 9/9
  6356 | D:6      | Reached skill level 5 in Fighting
  7232 | D:7      | Found a staircase to the Ecumenical Temple.
  7243 | Temple   | Entered the Ecumenical Temple
  7297 | Temple   | Became a worshipper of the Wu Jian Council
  7412 | D:7      | Noticed Maggie
  7434 | D:7      | Killed Maggie
  7611 | D:7      | Found Olig's Magic Scroll Emporium.
  7671 | D:7      | Reached skill level 5 in Short Blades
  7671 | D:7      | Reached skill level 1 in Evocations
  7779 | D:7      | Reached skill level 1 in Spellcasting
  7779 | D:7      | Reached XP level 10. HP: 47/68 MP: 11/11
  8014 | D:7      | Noticed Menkaure
  8020 | D:7      | Killed Menkaure
  8286 | D:8      | Noticed a two-headed ogre
  8306 | D:8      | Reached skill level 5 in Shields
  8308 | D:8      | Reached * piety under Wu Jian
  8363 | D:8      | Found a huge runed translucent gate.
  8363 | D:8      | Found a huge runed translucent gate.
  8363 | D:8      | Found a huge runed translucent gate.
  8363 | D:8      | Found a huge runed translucent gate.
  8363 | D:8      | Noticed a death yak
  8981 | D:8      | Found a staircase to the Lair.
  9135 | D:8      | Reached skill level 5 in Hexes
  9244 | D:8      | Noticed a two-headed ogre
  9971 | D:8      | Learned a level 3 spell: Tukima's Dance
 10221 | D:8      | Killed a two-headed ogre
 10221 | D:8      | Reached XP level 11. HP: 74/74 MP: 11/13
 10247 | D:8      | Killed a two-headed ogre
 10247 | D:8      | Reached ** piety under Wu Jian
 10668 | D:9      | Learned a level 1 spell: Sandblast
 10671 | D:9      | Learned a level 2 spell: Passwall
 10682 | D:9      | Learned a level 1 spell: Apportation
 11204 | D:9      | Reached skill level 1 in Transmutations
 11371 | D:9      | Noticed Maurice
 11373 | D:9      | Killed Maurice
 11373 | D:9      | Reached skill level 1 in Earth Magic
 11481 | D:7      | Bought a scroll of acquirement for 520 gold pieces
 11481 | D:7      | Acquired a manual of Spellcasting
 11703 | D:3      | Killed stil's ghost
 11872 | D:9      | Noticed Erica
 11877 | D:9      | Killed Erica
 12080 | D:10     | Entered Level 10 of the Dungeon
 12208 | D:10     | Noticed a centaur warrior
 12837 | D:10     | Killed a centaur warrior
 13081 | D:10     | Reached *** piety under Wu Jian
 13554 | D:10     | Reached XP level 12. HP: 74/81 MP: 16/16
 13602 | D:10     | You fall into a shaft and drop 3 floors!
 13778 | D:11     | Found a frozen archway.
 13799 | IceCv    | Entered an ice cave
 13960 | IceCv    | Reached skill level 1 in Long Blades
 14542 | IceCv    | Engulfed by an ice statue's freezing vapour

Illustrated notes

Levels and vault maps discovered:
D:1:      wheals_arrival_shading, layout_basic, st_stairs_13
D:2:      layout_loops_corners, gammafunk_temple_overflow_pools, serial_glass,
          glass_columns_a, glass_columns_a, first_ration,
          corexii_item_surrounded_by_moat, elyvilon_altar_5
D:3:      layout_loops_ring, nicolae_overflow_hidden_temple,
          lemuel_crystal_altar, serial_park_tiny_2
D:4:      layout_basic, nicolae_qazlal_general_emergency,
          gammafunk_ghost_necromancy
D:5:      layout_loops_ring, lemuel_coloured_pillars_altar
D:6:      wad_woods_stonehenge, layout_loops_ring, xom_confusion_cloud,
          portal_sewer_entry_f, minmay_crossroads, uniq_pikel
D:7:      layout_layer_cave, minmay_temple_entry_arrows, serial_glass,
          glass_columns_a, glass_columns_b, serial_shops,
          nicolae_shop_waterfront, uniq_menkaure, uniq_maggie
D:8:      lemuel_bear_cage, layout_loops_cross, minmay_lair_entry_grove
D:9:      layout_loops_ring, grunt_livestock, uniq_maurice, uniq_erica
D:10:     layout_irregular_city
D:11:     layout_small_grid, orc_0_dummy, portal_ice_cave_entry_ice_beasts,
          basic_altar, statue_in_the_mist_lemuel, uniq_nergalle
D:12:     layout_roguey, basic_altar
D:13:     layout_basic, guppyfry_shop_blood
Temple:   cyrus_circular_temple
IceCv:    ice_cave_small_dragons

Skill      XL: |  1  2  3  4  5  6  7  8  9 10 11 12 |
---------------+-------------------------------------+-----
Dodging        | 2 3 4 5 6 7 8 |  8.2
Fighting       | 3 4 5 6 7 |  7.9
Short Blades   | 3 4 5 6 |  6.3
Throwing       | 3 4 5 6 7 8 |  8.4
Shields        | 1 2 3 4 6 7 |  7.0
Hexes          | 1 2 3 4 5 6 |  6.1
Axes           | 1 2 |  2.7
Evocations     | 1 2 |  2.9
Spellcasting   | 1 2 |  2.8
Stealth        | 6 7 |  7.5
Transmutations | 2 3 |  3.3
Earth Magic    | 2 3 |  3.4
Long Blades    | 1 |  1.5

Action                   |  1- 3 |  4- 6 |  7- 9 | 10-12 || total
-------------------------+-------+-------+-------+-------++-------
Melee: Dagger            |    54 |    72 |   202 |   280 ||   608
       Constrict         |    14 |    20 |    52 |    31 ||   117
       Tentacles         |    10 |    14 |    63 |    74 ||   161
       War axe           |       |       |    37 |       ||    37
       Scimitar          |       |       |       |    76 ||    76
Throw: Dart              |     5 |    34 |   120 |   172 ||   331
       Boomerang         |       |       |       |    40 ||    40
 Cast: Corona            |       |       |     2 |    11 ||    13
       Tukima's Dance    |       |       |       |     6 ||     6
       Sandblast         |       |       |       |     2 ||     2
       Apportation       |       |       |       |     1 ||     1
Invok: Lunge             |       |       |     2 |    32 ||    34
       Whirlwind         |       |       |       |    34 ||    34
 Abil: Wall Jump         |       |       |       |    16 ||    16
Evoke: Wand              |       |       |    25 |    25 ||    50
  Use: Potion            |       |     1 |     2 |     3 ||     6
       Scroll            |       |       |    10 |    10 ||    20
 Stab: Sleeping          |    14 |    10 |    16 |    23 ||    63
       Paralysed         |       |       |     3 |     2 ||     5
       Distracted        |       |       |       |     2 ||     2
  Eat: Chunk             |     3 |     5 |    10 |    22 ||    40
       Ration            |       |       |     1 |       ||     1
Armor: Skin              |    13 |    10 |    32 |    17 ||    72
Dodge: Dodged            |    20 |    27 |    93 |   124 ||   264
Block: Kite shield       |       |    14 |    98 |   131 ||   243
       Rpst.: Scimitar   |       |       |       |    13 ||    13
